 Dungeon Crawl Stone Soup version 0.19-a0-1008-g4c63d25 (webtiles) character file.

126 Kurtz the Chopper (level 4, -1/35 HPs)
             Began as a Mummy Berserker on July 24, 2016.
             Was a Believer of Trog.
             Slain by a giant frog (6 damage)
             ... on level 3 of the Dungeon.
             The game lasted 00:02:22 (2474 turns).

Kurtz the Chopper (Mummy Berserker)                 Turns: 2474, Time: 00:02:23

Health: -1/35      AC:  7    Str: 20    XL:     4   Next: 83%
Magic:  4/4        EV: 10    Int:  6    God:    Trog [**....]
Gold:   121        SH:  0    Dex: 12    Spells: 0 memorised, 3 levels left

rFire  x . .     SeeInvis .     l - -2 war axe (curse)
rCold  + . .     Gourm    .     m - +0 scale mail
rNeg   + + +     Faith    .     (no shield)
rPois  ∞         Spirit   .     (no helmet)
rElec  .         Dismiss  .     c - +0 cloak
rCorr  .         Reflect  .     (no gloves)
SustAt .         Harm     .     (no boots)
MR     .....                    (no amulet)
Stlth  ..........               (no ring)
                                (no ring)

@: not resistant to hostile enchantments, extremely unstealthy
A: no food or potions, fire vulnerability, cold resistance 1, negative energy
resistance 3, torment resistance, unbreathing
a: Trog's Hand, Burn Spellbooks, Renounce Religion


You were on level 3 of the Dungeon.
You worshipped Trog.
Trog was pleased with you.
You were not hungry.

You visited 1 branch of the dungeon, and saw 3 of its levels.

You collected 121 gold pieces.

Inventory:

Hand Weapons
 a - a +0 hand axe
 l - a cursed -2 war axe (weapon)
Missiles
 o - 18 poisoned needles
Armour
 b - a +0 animal skin
 c - a +0 cloak (worn)
 d - a +0 ring mail
 m - a +0 scale mail (worn)
Scrolls
 e - a scroll of noise {unknown}
 f - 2 scrolls of magic mapping {unknown}
 g - a scroll of identify {unknown}
 h - 2 scrolls of enchant armour {unknown}
 i - a scroll of immolation {unknown}
 j - 3 scrolls of remove curse {unknown}
 k - a scroll of teleportation {unknown}
 n - a scroll of enchant weapon {unknown}


   Skills:
 - Level 3.0 Fighting
 * Level 4.6 Axes
 - Level 1.5 Armour
 - Level 1.5 Dodging


You had 3 spell levels left.
You didn't know any spells.

Dungeon Overview and Level Annotations

Branches:
Dungeon (3/15)

Altars:


Innate Abilities, Weirdness & Mutations

You do not eat or drink.
Your flesh is vulnerable to fire.
You are immune to poison.
Your flesh is cold resistant. (rC+)
You are immune to negative energy. (rN+++)
You are immune to unholy pain and torment.
You can survive without breathing.


Message History

You kill the hobgoblin!
Trog accepts your kill. Robin completely misses you.
The giant frog barely misses you.
You hit Robin.
You kill Robin!
Trog accepts your kill.
You hit the giant frog.
The giant frog hits you but does no damage.
The giant frog hits you.
You slash the giant frog!
The giant frog is heavily wounded.
The giant frog hits you but does no damage.
The giant frog hits you.
* * * LOW HITPOINT WARNING * * *
Unknown command.
You are too injured to fight recklessly!
You slash the giant frog!
The giant frog is severely wounded.
The giant frog closely misses you. The giant frog hits you.
You die...

##### #.....
#...... ..... ##...
## #))# ##...###F##
......†@).#
.#<..####.# .#
##.#####.##### .#
#...........#######
..
#######.###........
!# #.# ######### .#
#.# .# ####.# )#
#....#


You could see a giant frog.

Vanquished Creatures
  Robin (D:3)
  4 adders
  3 oozes
  4 dart slugs
  5 giant geckos
  2 ball pythons
  3 bats
  A giant cockroach (D:1)
  11 goblins
  9 hobgoblins
  2 giant newts (D:2)
  5 kobolds (D:2)
  3 rats
53 creatures vanquished.

Notes
Turn   | Place    | Note
-------+----------+-------------------------------------------
     0 | D:1      | Kurtz the Mummy Berserker began the quest for the Orb.
     0 | D:1      | Reached XP level 1. HP: 18/18 MP: 1/1
   284 | D:1      | Reached skill level 3 in Axes
   284 | D:1      | Reached XP level 2. HP: 24/24 MP: 2/2
   801 | D:1      | Reached XP level 3. HP: 29/29 MP: 3/3
   929 | D:2      | Found a faded altar of an unknown god.
  1462 | D:2      | Reached skill level 4 in Axes
  1604 | D:2      | Reached ** piety under Trog
  1626 | D:2      | Reached XP level 4. HP: 27/35 MP: 4/4
  2448 | D:3      | Noticed Robin
  2452 | D:3      | Noticed a giant frog
  2472 | D:3      | Killed Robin
  2474 | D:3      | Slain by a giant frog

Vault maps used:
D:1:      dpeg_arrival_triangle_fractal, minmay_fountain_box
D:2:      ecumenical_altar_1
D:3:      minmay_overflow_temple_hex, kennysheep_okawaru_gauntlet,
          kennysheep_generic_room_7, uniq_jessica, uniq_grinder, uniq_robin

Skill      XL: |  1  2  3 |
---------------+----------+-----
Axes           | 3 4 |  4.6
Fighting       | |  3.0
Armour         | |  1.5
Dodging        | |  1.5

Action                   |  1- 3 |  4- 6 || total
-------------------------+-------+-------++-------
Melee: Hand axe          |   109 |     7 ||   116
       War axe           |       |    89 ||    89
 Stab: Sleeping          |     1 |       ||     1
Armor: Animal skin       |     5 |       ||     5
       Ring mail         |    61 |    14 ||    75
       Scale mail        |       |    35 ||    35
Dodge: Dodged            |    93 |    68 ||   161
